 Dungeon Crawl Stone Soup version 0.31-a0-202-g547052bce9 (webtiles) character file.

Game seed: 11010792469993662984

29 qw the Shooter (level 3, -2/20 HPs)
             Began as a Deep Elf Hunter on June 25, 2023.
             Engulfed by Sigmund's steam (9 damage)
             ... on level 2 of the Dungeon.
             The game lasted 00:00:17 (786 turns).

qw the Shooter (Deep Elf Hunter)                     Turns: 786, Time: 00:00:17

Health: -2/20      AC:  5    Str: 10    XL:     3   Next: 1%
Magic:  5/5        EV: 11    Int: 13    God:
Gold:   32         SH:  0    Dex: 18    Spells: 2/2 levels left

rFire   . . .        Y - +0 shortbow
rCold   + . .        (shield currently unavailable)
rNeg    . . .        f - +0 ring mail
rPois   .            (no helmet)
rElec   .            (no cloak)
rCorr   .            (no gloves)
SInv    .            (no boots)
Will    +....        (no amulet)
Stlth   +            g - ring of protection from cold
HPRegen 0.23/turn    k - ring of willpower
MPRegen 0.09/turn

%: no passive effects
@: no status effects
A: no striking features
a: no special abilities


You were on level 2 of the Dungeon.
You visited 1 branch of the dungeon, and saw 2 of its levels.

You collected 32 gold pieces.


   Skills:
 - Level 1.5 Fighting
 + Level 6.6 Ranged Weapons
 - Level 2.4 Dodging
 - Level 1.2 Stealth


You had 2 spell levels left.
You didn't know any spells.
Your spell library was empty.

Inventory:

Hand Weapons
 Y - a +0 shortbow (weapon)
Armour
 a - a +0 helmet
 f - a +0 ring mail (worn)
Jewellery
 g - a ring of protection from cold (left hand)
 k - a ring of willpower (right hand)
Potions
 e - a potion of haste {unknown}

Dungeon Overview and Level Annotations

Branches:
Dungeon (2/15)

Altars:

Annotations:
D:2 Sigmund


Message History

You climb downwards.
Found an escape hatch in the floor.
There is a stone staircase leading up here.
Waypoint 1 assigned to D:2.
There is an escape hatch in the floor here.
Found an escape hatch in the ceiling.
An endoplasm comes into view.
You shoot an arrow. The arrow hits the endoplasm.
The endoplasm is almost dead.
You shoot an arrow. The arrow barely misses the endoplasm.
You shoot an arrow. The arrow hits the endoplasm.
You kill the endoplasm!
An endoplasm comes into view.
You shoot an arrow. The arrow hits the endoplasm.
You kill the endoplasm!
You have reached level 3!
Your experience leads to an increase in your attributes!
Increase (S)trength, (I)ntelligence, or (D)exterity?
You feel stronger. x2
Found a faded altar of an unknown god.
a - a +0 helmet Sigmund the Dreaded comes into view.
He is wielding a +0 scythe.
There is a fountain of clear blue water here.
You shoot an arrow.
The arrow hits Sigmund but does no damage.
Sigmund shouts!
You shoot an arrow. The arrow hits Sigmund.
Sigmund is lightly wounded.
Sigmund gestures at you while chanting. The magic dart hits you!
You shoot an arrow. The arrow closely misses Sigmund.
Sigmund casts a spell at you. The puff of flame hits you.
You shoot an arrow. The arrow hits Sigmund.
Sigmund is heavily wounded.
You are engulfed in a cloud of scalding steam.
You shoot an arrow. The arrow hits Sigmund.
Sigmund is severely wounded.
You are engulfed in a cloud of scalding steam.
You die...

#. #.# # ##.#.
## #. ... ...
..#####.####....
....##.....@...
#.#............
#.#.~}~@P~~....
#.#.~.....P....
#.#...#.#.}....
##...~P#.#.~.###
+....P.#_#.~.#
###..~.###.~.#
#..~....P~.#.
#..~}}}~P}...
#..........#


You could see Sigmund.

Vanquished Creatures
  5 bats (D:1)
  5 endoplasms
  A giant cockroach (D:1)
  3 goblins (D:1)
  2 hobgoblins (D:1)
  A kobold (D:1)
  A quokka (D:1)
  3 ball pythons (D:1)
  A frilled lizard (D:1)
  4 rats (D:1)
26 creatures vanquished.

Notes
Turn   | Place    | Note
-------+----------+-------------------------------------------
     0 | D:1      | qw the Deep Elf Hunter began the quest for the Orb.
     0 | D:1      | Reached XP level 1. HP: 12/12 MP: 3/3
     0 | D:1      | 0 ||| qw: Version: 0.3-a-22-g0ed2b0b
     0 | D:1      | 0 ||| qw: Game counter: 5711
     0 | D:1      | 0 ||| qw: Melee chars always use a shield: true
     0 | D:1      | 0 ||| qw: God list: Okawaru
     0 | D:1      | 0 ||| qw: Allow faded altars: false
     0 | D:1      | 0 ||| qw: Do Orc after clearing Dungeon:15 true
     0 | D:1      | 0 ||| qw: Do second Lair branch before Depths: true
     0 | D:1      | 0 ||| qw: Lair rune preference: random
     0 | D:1      | 0 ||| qw: Goals: Normal
     0 | D:1      | 0 ||| PLANNING D:1-11
   123 | D:1      | Reached XP level 2. HP: 14/16 MP: 4/4
   124 | D:1      | Reached skill level 6 in Ranged Weapons
   713 | D:1      | 713 ||| UPGRADING to +0 ring mail.
   723 | D:1      | 723 ||| DROPPING +0 leather armour.
   724 | D:1      | 724 ||| UPGRADING to ring of protection from cold.
   725 | D:1      | 725 ||| DROPPING ring of flight.
   726 | D:1      | 726 ||| UPGRADING to ring of willpower.
   727 | D:1      | 727 ||| READING scroll labelled WUIPHIEDGHO.
   728 | D:1      | 728 ||| READING scroll labelled YTIDUKOSUJA.
   732 | D:1      | 732 ||| READING scroll labelled EPRUPU YBRUQIT.
   733 | D:1      | 733 ||| DROPPING scroll of butterflies.
   778 | D:2      | Reached XP level 3. HP: 20/20 MP: 5/5
   779 | D:2      | Found a faded altar of an unknown god.
   781 | D:2      | Noticed Sigmund
   786 | D:2      | Engulfed by Sigmund's steam

Levels and vault maps discovered:
D:1:      nicolae_arrival_washed_ashore, layout_loops_ring
D:2:      layout_basic, shapermc_ecumenical_altar_acropolis, uniq_sigmund

Skill      XL: |  1  2 |
---------------+-------+-----
Ranged Weapons | 6 |  6.6
Fighting       | |  1.5
Dodging        | |  2.4
Stealth        | |  1.2

Action                     || total
---------------------------++-------
   Fire: Shortbow          ||    53
    Use: Scroll            ||     3
 Armour: Leather armour    ||     1
  Dodge: Dodged            ||    12

Table legend:
 A = Non-vault XP
 B = Vault XP
 C = Vault XP percentage of total XP
 D = Non-vault monster count
 E = Vault monster count
 F = Vault count percentage of total count
                 A         B        C        D         E       F
            +---------+---------+-------+---------+---------+-------
      Total |      42 |       0 |   0.0 |      26 |       0 |   0.0
            +---------+---------+-------+---------+---------+-------
        D:1 |      38 |       0 |   0.0 |      24 |       0 |   0.0
        D:2 |       4 |       0 |   0.0 |       2 |       0 |   0.0
            +---------+---------+-------+---------+---------+-------
